 Dungeon Crawl Stone Soup version 0.24-a0-630-g0d56a851f4 (webtiles) character file.

Game seed: 11673775211200638707, levelgen mode: deterministic

9535 DEFE the Nimble (level 11, -19/51 HPs)
             Began as a Spriggan Fighter on Sept 20, 2019.
             Was a Priest of the Shining One.
             Shot with an arrow by a centaur warrior (21 damage)
             ... on level 11 of the Dungeon.
             The game lasted 00:25:36 (13719 turns).

DEFE the Nimble (Spriggan Fighter)                 Turns: 13719, Time: 00:25:37

Health: -19/51     AC:  5    Str: 15    XL:     11   Next: 24%
Magic:  19/19      EV: 30    Int: 10    God:    the Shining One [***...]
Gold:   233        SH:  8    Dex: 23    Spells: 10/10 levels left

rFire    + + .     SeeInvis +   u - +2 mace (protect)
rCold    . . .     Gourm    .   c - +1 buckler
rNeg     + . .     Faith    .   b - +0 robe
rPois    +         Spirit   .   y - +1 hat
rElec    .         Reflect  .   I - +1 cloak
rCorr    .         Harm     .   (gloves unavailable)
MR       ++...                  (boots unavailable)
Stlth    +.........             (no amulet)
HPRegen  0.17/turn              t - ring of poison resistance
MPRegen  0.16/turn              D - +5 ring of dexterity

@: hasted, glowing, very quick
A: very small, unfitting armour, see invisible, agile 1, fire resistance 2,
herbivore, speed 3, magic resistance 1, slow metabolism 2
a: Divine Shield, Renounce Religion


You were on level 11 of the Dungeon.
You worshipped the Shining One.
The Shining One was most pleased with you.
You were not hungry.

You visited 2 branches of the dungeon, and saw 12 of its levels.

You collected 548 gold pieces.
You spent 315 gold pieces at shops.

Inventory:

Hand Weapons
 a - a +0 flail
 n - a +0 morningstar
 s - a +3 morningstar
 u - a +2 mace of protection (weapon)
Missiles
 g - 4 datura-tipped darts
 k - 17 poisoned darts (quivered)
 K - 6 atropa-tipped darts
Armour
 b - a +0 robe (worn)
 c - a +1 buckler (worn)
 y - a +1 hat (worn)
 I - a +1 cloak (worn)
Jewellery
 t - a ring of poison resistance (left hand)
 D - a +5 ring of dexterity (right hand)
 E - an uncursed ring of fire
Wands
 F - a wand of flame (22)
 G - a wand of iceblast (1)
 J - a wand of polymorph (4)
Scrolls
 e - 2 scrolls of enchant weapon
 h - 2 scrolls of immolation
 j - 2 scrolls of remove curse
 p - 3 scrolls of teleportation
 q - 3 scrolls of enchant armour
 B - 3 scrolls of amnesia
 H - a scroll of identify
Potions
 d - a potion of cancellation {unknown}
 i - 3 potions of mutation
 l - a potion of curing {unknown}
 o - 2 potions of flight {unknown}
 r - a potion of lignification {unknown}
 v - 2 potions of might
 w - 3 potions of invisibility
 x - 2 potions of heal wounds
 z - 2 potions of berserk rage
 C - 3 potions of magic {unknown}
Comestibles
 f - 9 rations


   Skills:
 - Level 2.4 Fighting
 + Level 9.8 Maces & Flails
 - Level 6.0 Throwing
 + Level 11.6 Dodging
 - Level 2.1 Shields
 - Level 10.0 Evocations


You had 10 spell levels left.
You didn't know any spells.
Your spell library contained the following spells:

 Spells                   Type           Power        Failure   Level  Hunger
 Animate Skeleton         Necr           N/A          47%         1    ##.....
 Corona                   Hex            #......      47%         1    ##.....
 Magic Dart               Conj           #...         47%         1    ##.....
 Pain                     Necr           #...         47%         1    ##.....
 Blink                    Tloc           N/A          63%         2    ###....
 Call Imp                 Summ           #.......     63%         2    ###....
 Ensorcelled Hibernation  Hex/Ice        #.....       63%         2    ###....
 Searing Ray              Conj           #.....       63%         2    ###....
 Slow                     Hex            #.......     63%         2    ###....
 Confuse                  Hex            #.......     85%         3    ####...
 Conjure Flame            Conj/Fire      #.......     85%         3    ####...
 Dazzling Spray           Conj/Hex       #.....       85%         3    ####...
 Inner Flame              Hex/Fire       #.......     85%         3    ####...
 Mephitic Cloud           Conj/Pois/Air  #.......     85%         3    ####...
 Portal Projectile        Hex/Tloc       #.....       85%         3    ####...
 Regeneration             Chrm/Necr      #.........   85%         3    ####...
 Tukima's Dance           Hex            #.......     85%         3    ####...
 Vampiric Draining        Necr           #.........   85%         3    ####...
 Animate Dead             Necr           N/A          99%         4    #####..
 Cause Fear               Hex            #.........   99%         4    #####..
 Force Lance              Conj/Tloc      #.......     99%         4    #####..
 Fulminant Prism          Conj/Hex       #.........   99%         4    #####..
 Iskenderun's Mystic Bla  Conj           #.......     99%         4    #####..
 Leda's Liquefaction      Hex/Erth       #.........   99%         4    #####..


Dungeon Overview and Level Annotations

Branches:
Dungeon (11/15)            Temple (1/1) D:6            Lair (0/6) D:11
    Orc (0/2) D:9

Altars:
Ashenzari
Cheibriados
Dithmenos
Fedhas
Gozag
Makhleb
Nemelex Xobeh
Okawaru
Qazlal
Ru
Sif Muna
Trog
Uskayaw
Wu Jian
Xom
Zin
The Shining One

Shops:
D:6 !   D:9 %

Annotations:
D:1 1 runed translucent door
D:2 Terence
D:6 3 runed translucent doors, freakyemo's ghost, novice TrBe
D:8 Harold
D:10 3 runed translucent doors


Innate Abilities, Weirdness & Mutations

You are very small and have problems with some larger weapons.
You are too small for most types of armour.
You have supernaturally acute eyesight. (SInv)
You are a herbivore.
You cover ground extremely quickly.
You need to consume almost no food.
You are agile. (Dex +2)
Your flesh is very heat resistant. (rF++)
You are resistant to hostile enchantments. (MR+)


Message History

You hear a shout!
You hit the wyvern zombie.
The wyvern zombie completely misses you.
The centaur warrior shoots an arrow.
The arrow hits you!
* * * LOW HITPOINT WARNING * * *
A centaur comes into view.
You take 33 damage, and have 2/51 hp.
MASSIVE DAMAGE!!
As you read the scroll of fog, it crumbles to dust.
The scroll dissolves into smoke.
The wyvern zombie barely misses you.
The centaur warrior shoots an arrow.
The arrow hits you!! The Shining One protects you from harm!
The wyvern zombie barely misses you.
Unknown command.
You feel yourself speed up. You block the wyvern zombie's attack.
Unknown command.
Unknown command.
Okay, then.
The centaur warrior shoots an arrow.
The arrow hits you!!
You die...

#.......§§§§§§..# ...
#.......§§c§§§..# ....
#......§§§§§§...###....
#......§§...§§........
#.......§..Z........#
#.......∩...........#
#...................#
###########.........#
#.....@...# #.........#
#.........# #.........#
#.........# #.........#
#.........# ###########


You could see a centaur warrior and a wyvern zombie.

Vanquished Creatures
  A two-headed ogre (D:9)
  An unseen horror (D:11)
  2 cyclopes (D:11)
  A gargoyle (D:10)
  3 kobold demonologists (D:11)
  A hornet (D:10)
  A spriggan (D:9)
  A wraith (D:11)
  11 yaks
  A hungry ghost (D:10)
  Grum (D:11)
  Menkaure (D:4)
  A black bear (D:8)
  An orc warrior (D:7)
  2 sky beasts
  4 phantoms
  2 ogres
  5 centaurs
  4 wolves (D:11)
  A big kobold (D:11)
  5 bullfrogs
  A water moccasin skeleton (D:9)
  A wyvern skeleton (D:10)
  4 scorpions
  9 wights
  3 howler monkeys (D:7)
  An electric eel (D:7)
  3 crimson imps
  A bullfrog zombie (D:10)
  3 jellies
  A quasit (D:9)
  A gnoll shaman (D:4)
  3 orc priests
  3 hounds
  2 bullfrog skeletons (D:6)
  2 iguanas
  7 orc wizards
  8 worker ants
  A hound zombie (D:5)
  2 worker ant zombies
  8 gnolls
  7 adders
  A shadow imp (D:7)
  An ooze (D:1)
  2 adder skeletons
  A worm (D:2)
  A dart slug (D:1)
  5 leopard geckos
  35 orcs
  5 giant cockroaches
  15 goblins
  13 hobgoblins
  10 jackals
  12 kobolds
  5 quokkas
  2 ball pythons
  7 bats
  7 frilled lizards
  7 rats
250 creatures vanquished.

Vanquished Creatures (collateral kills)
  An orc (D:4)
  A jackal skeleton (D:4)
2 creatures vanquished.

Vanquished Creatures (others)
  An orc priest (D:4)
1 creature vanquished.

Grand Total: 253 creatures vanquished

Notes
Turn   | Place    | Note
-------+----------+-------------------------------------------
     0 | D:1      | DEFE the Spriggan Fighter began the quest for the Orb.
     0 | D:1      | Reached XP level 1. HP: 11/11 MP: 2/2
     1 | D:1      | Found a runed translucent door.
    37 | D:1      | Reached XP level 2. HP: 16/16 MP: 3/3
   421 | D:1      | Reached XP level 3. HP: 18/19 MP: 4/4
  1145 | D:2      | Reached skill level 1 in Throwing
  1522 | D:2      | Noticed Terence
  1763 | D:2      | Gained mutation: You are agile. (Dex +2) [potion of
                  | mutation]
  1763 | D:2      | Gained mutation: Your flesh is heat resistant. (rF+)
                  | [potion of mutation]
  1763 | D:2      | Gained mutation: Your flesh is very heat resistant. (rF++)
                  | [potion of mutation]
  1763 | D:2      | Gained mutation: You are resistant to hostile enchantments.
                  | (MR+) [potion of mutation]
  2247 | D:2      | Reached XP level 4. HP: 15/23 MP: 5/5
  3529 | D:4      | Found an opulent altar of Gozag.
  3577 | D:4      | Reached XP level 5. HP: 11/27 MP: 6/6
  4415 | D:4      | Reached XP level 6. HP: 32/32 MP: 7/7
  4946 | D:5      | Entered Level 5 of the Dungeon
  4946 | D:5      | Noticed Menkaure
  4959 | D:4      | Killed Menkaure
  5188 | D:5      | Reached XP level 7. HP: 10/35 MP: 8/8
  6141 | D:5      | Reached skill level 5 in Throwing
  6868 | D:5      | Reached skill level 5 in Maces & Flails
  7405 | D:6      | Found a runed translucent gate.
  7405 | D:6      | Found a runed translucent gate.
  7405 | D:6      | Found a runed translucent gate.
  7406 | D:6      | Noticed freakyemo's ghost (novice TrBe)
  7449 | D:6      | Found a staircase to the Ecumenical Temple.
  7529 | Temple   | Entered the Ecumenical Temple
  7541 | Temple   | Became a worshipper of the Shining One
  7680 | D:6      | Reached XP level 8. HP: 29/39 MP: 9/9
  8502 | D:6      | Found Uvennuor's Distillery.
  8507 | D:6      | Bought 2 potions of degeneration for 30 gold pieces
  8507 | D:6      | Bought a potion of might for 60 gold pieces
  8507 | D:6      | Bought a potion of heal wounds for 75 gold pieces
  8507 | D:6      | Bought a potion of heal wounds for 75 gold pieces
  8507 | D:6      | Bought a potion of berserk rage for 75 gold pieces
  8869 | D:6      | Found a burning altar of Makhleb.
  8869 | D:6      | Noticed a cacodemon
  9162 | D:7      | Reached * piety under the Shining One
  9457 | D:7      | Reached skill level 1 in Evocations
  9722 | D:8      | Found a shadowy altar of Dithmenos.
 10083 | D:8      | Reached XP level 9. HP: 43/43 MP: 11/11
 10348 | D:8      | Noticed Harold
 10374 | D:9      | Found Exiquh's Food Boutique.
 10448 | D:9      | Reached skill level 5 in Dodging
 10622 | D:9      | Found a staircase to the Orcish Mines.
 10886 | D:9      | Reached skill level 6 in Dodging
 10910 | D:9      | Reached skill level 5 in Evocations
 11030 | D:9      | Noticed a two-headed ogre
 11051 | D:9      | Goblin1989: !lg defe
 11054 | D:9      | beem: 4223. DEFE the Ducker (L2 SpFi), slain by a kobold (a
                  | +0 whip) on D:1 on 2019-09-20 06:57:06, with 21 points
                  | after 489 turns and 0:00:47.
 11058 | D:9      | Goblin1989: !lg defe -2
 11066 | D:9      | beem: 4222/4223. DEFE the Ducker (L6 SpFi), slain by a
                  | killer bee zombie on D:4 on 2019-09-20 06:55:59, with 305
                  | points after 4917 turns and 0:06:19.
 11077 | D:9      | Killed a two-headed ogre
 11077 | D:9      | Reached skill level 7 in Dodging
 11320 | D:10     | Entered Level 10 of the Dungeon
 11355 | D:10     | Reached ** piety under the Shining One
 11356 | D:10     | Goblin1989: !lg defe -3
 11364 | D:10     | beem: 4221/4223. DEFE the Archmage (L27 DEFE of Vehumet),
                  | escaped with the Orb and 15 runes on 2019-09-20 06:46:22,
                  | with 17479456 points after 91818 turns and 6:17:19.
 11599 | D:10     | Reached XP level 10. HP: 47/47 MP: 14/16
 11606 | D:10     | Reached skill level 8 in Dodging
 11708 | D:10     | Noticed a gargoyle
 11726 | D:10     | Killed a gargoyle
 12051 | D:10     | Reached skill level 9 in Dodging
 12576 | D:10     | Found a runed translucent gate.
 12576 | D:10     | Found a runed translucent gate.
 12580 | D:10     | Found a runed translucent gate.
 12580 | D:10     | Noticed a green ugly thing
 12582 | D:10     | Noticed a white ugly thing
 12582 | D:10     | Reached *** piety under the Shining One
 12582 | D:10     | Noticed a cyan ugly thing
 12583 | D:10     | Noticed a white ugly thing
 12912 | D:10     | Noticed a purple ugly thing
 12994 | D:11     | Noticed Grum
 13039 | D:11     | Killed Grum
 13039 | D:11     | Reached skill level 10 in Dodging
 13135 | D:11     | Noticed a cyclops
 13185 | D:11     | Killed a cyclops
 13214 | D:11     | Noticed an unseen horror
 13235 | D:11     | Killed an unseen horror
 13315 | D:11     | Found a staircase to the Lair.
 13321 | D:11     | Noticed a rust devil
 13321 | D:11     | Noticed a sun demon
 13321 | D:11     | Reached XP level 11. HP: 51/51 MP: 17/19
 13321 | D:11     | Reached skill level 11 in Dodging
 13518 | D:11     | Reached skill level 10 in Evocations
 13659 | D:11     | Noticed a centaur warrior
 13710 | D:11     | HP: 2/51 [centaur warrior/arrow (12)]
 13711 | D:11     | The Shining One protects you from harm!
 13719 | D:11     | Shot with an arrow by a centaur warrior

Levels and vault maps discovered:
D:1:      dpeg_arrival_caged_fury, layout_rooms, minmay_3d_cube
D:2:      layout_rooms, serial_park_tiny_2, uniq_terence
D:3:      layout_rooms, minmay_misc_feat_pillars, minmay_parallelograms
D:4:      layout_loops_ring, grunt_gozag_statues
D:5:      layout_basic, first_ration, uniq_menkaure
D:6:      layout_loops_ring, temple_hall, gammafunk_ghost_necromancy,
          serial_shops, shop, makhleb_altar_promises_db
D:7:      layout_basic, roderic_roman_lattice, minivault_14
D:8:      layout_cave_pools, nicolae_dithmenos_the_darkroom, serial_shops,
          shop_coins, uniq_harold
D:9:      layout_basic, orc_0_dummy, serial_shops, nicolae_shop_waterfront,
          the_bakery, supply_closet_lemuel
D:10:     layout_loops_ring, ploomutoo_gammafunk_ghost_potion_laboratory
D:11:     layout_basic, lair_entry_dummy, gauntlet_entry_generic, uniq_grum
Temple:   dpeg_three_leaves_temple

Skill      XL: |  1  2  3  4  5  6  7  8  9 10 11 |
---------------+----------------------------------+-----
Maces & Flails | 2 3 4 5 7 8 9 |  9.8
Throwing       | 1 2 3 4 6 |  6.0
Evocations     | 2 6 9 10 | 10.0
Dodging        | 7 10 11 | 11.6
Fighting       | |  2.4
Shields        | |  2.1

Action                   |  1- 3 |  4- 6 |  7- 9 | 10-12 || total
-------------------------+-------+-------+-------+-------++-------
Melee: Flail             |   134 |    68 |       |       ||   202
       Mace              |       |    49 |   356 |   330 ||   735
Throw: Dart              |       |    52 |    80 |    48 ||   180
Evoke: Wand              |       |     6 |     9 |     8 ||    23
  Use: Scroll            |     2 |     2 |     7 |     3 ||    14
       Potion            |     2 |       |     1 |     2 ||     5
 Stab: Distracted        |     1 |       |       |       ||     1
       Sleeping          |     1 |     1 |     1 |       ||     3
  Eat: Ration            |       |     1 |     3 |     3 ||     7
Armor: Robe              |    13 |    13 |    49 |    16 ||    91
Dodge: Dodged            |   104 |    81 |   249 |   223 ||   657
Block: Buckler           |    39 |    32 |   108 |   110 ||   289

Table legend:
 A = Non-vault XP
 B = Vault XP
 C = Vault XP percentage of total XP
 D = Non-vault monster count
 E = Vault monster count
 F = Vault count percentage of total count
                 A         B        C        D         E       F
            +---------+---------+-------+---------+---------+-------
      Total |   12618 |    1004 |   7.4 |     244 |       9 |   3.6
            +---------+---------+-------+---------+---------+-------
        D:1 |      65 |       2 |   3.0 |      35 |       2 |   5.4
        D:2 |      36 |       0 |   0.0 |      21 |       0 |   0.0
        D:3 |      31 |       0 |   0.0 |      18 |       0 |   0.0
        D:4 |     415 |     154 |  27.1 |      21 |       1 |   4.5
        D:5 |     503 |       0 |   0.0 |      22 |       0 |   0.0
        D:6 |     798 |       0 |   0.0 |      16 |       0 |   0.0
        D:7 |     607 |       0 |   0.0 |      15 |       0 |   0.0
        D:8 |     743 |       0 |   0.0 |      17 |       0 |   0.0
        D:9 |    1423 |     215 |  13.1 |      14 |       1 |   6.7
       D:10 |    2995 |       0 |   0.0 |      40 |       0 |   0.0
       D:11 |    5002 |     633 |  11.2 |      25 |       5 |  16.7
            +---------+---------+-------+---------+---------+-------
